AoeStats
← Křovák

Runestones

507255610Analyzed
1v1 RM · 16d ago on Sep 17, 2026· 39m 40s· 2 players
Game mode
Random Map
Map size
Tiny (2 player)
Population
200
Speed
Normal
Resources
Standard
Victory
Conquest
Starting age
Dark Age
Ending age
Imperial Age
RankedLock teamsTeams togetherTeam positionsShared explorationLock speedFull tech treeHidden civsTurbo modeCheats
Victory
Defeat
🇨🇿 Malians · Czechia
869
+16
🇹🇷 Slavs · Türkiye
861
-40
DEWOLF
9:34 Loom
12:05 Feudal Age
12:32 Double-Bit Axe
15:45 Horse Collar
22:37 Fletching
24:16 Wheelbarrow
29:14 Padded Archer Armor
33:21 Castle Age
33:38 Forging
34:02 Bodkin Arrow
34:15 Bodkin Arrow
Křovák
7:18 Loom
11:12 Feudal Age
11:39 Double-Bit Axe
11:36 Horse Collar
18:37 Fletching
22:31 Castle Age
20:34 Padded Archer Armor
23:26 Crossbowman
24:45 Bow Saw
24:37 Heavy Plow
27:30 Gold Mining
27:30 Town Watch
31:07 Stone Mining
39:16 Imperial Age
39:28 Bodkin Arrow
39:44 Forging
39:41 Scale Barding Armor
Connection lost

Rejoining the realm…

Still unreachable

The connection could not be restored.

Session expired

The server has moved on; the page needs a fresh start.